 Dungeon Crawl Stone Soup version 0.29.1-15-g9cfb28693d (webtiles) character file.

Game seed: 16311887703861530448

704 octoduck the Magician (level 7, -2/54 HPs)
             Began as a Djinni Ice Elementalist on Mar 15, 2023.
             Was an Initiate of Ashenzari.
             Slain by an ice beast (16 damage)
             ... on level 6 of the Dungeon.
             The game lasted 00:22:37 (7789 turns).

octoduck the Magician (Djinni Ice Elementalist)     Turns: 7789, Time: 00:22:38

Health: -2/54      AC:  3    Str:  7    XL:     7   Next: 99%
Gold:   229        EV: 12    Int: 19    God:    Ashenzari [......] SH:  0 Dex: 13

rFire   + + .      SeeInvis .   p - +0 short sword (flame)
rCold   x . .      Faith    .   (no shield)
rNeg    . . .      Spirit   .   a - +0 robe of Supernal Understanding {Range, Evo} (curse)
rPois   ∞          Reflect  .   (no helmet)
rElec   .          Harm     .   r - +0 cloak
rCorr   +          Rampage  .   (no gloves)
Will    .....                   (boots unavailable)
Stlth   ++........              (no amulet)
HPRegen 0.18/turn               e - ring of resist corrosion
MPRegen 0.00/turn               (no ring)

@: flying
A: sickness immunity, fire resistance 2, cold vulnerability 1, float, innate
caster, HP casting, extra vitality 1
a: Renounce Religion, Shatter the Chains


You were on level 6 of the Dungeon.
You worshipped Ashenzari.
Ashenzari was noncommittal.
You visited 2 branches of the dungeon, and saw 7 of its levels.

You collected 229 gold pieces.

Inventory:

Hand Weapons
 p - a +0 short sword of flaming (weapon)
Missiles
 c - 4 atropa-tipped darts
 u - 14 poisoned darts
Armour
 a - the cursed +0 robe of Supernal Understanding (worn) {Range, Evo}

   It has a curse which improves the following skills: Ranged Combat: Ranged
   Weapons and Throwing.
   Evocations: Evocations.
 i - a +0 scale mail of willpower
 m - a +0 ring mail
 r - a +0 cloak (worn)
 v - the +1 ring mail of the Skies Above {rN+ Str+4}
   (You found it on level 4 of the Dungeon)

   Str:       It affects your strength (+4).
   rN:        It protects you from negative energy.
 C - a +0 helmet
Jewellery
 e - a ring of resist corrosion (left hand)
Wands
 h - a wand of roots (10)
 y - a wand of flame (19)
 A - a wand of acid (7)
Scrolls
 b - 3 scrolls of teleportation
 d - a scroll of vulnerability {unknown}
 f - a scroll of enchant weapon
 j - a scroll of silence {unknown}
 l - a scroll of magic mapping {unknown}
 q - a scroll of amnesia {unknown}
 s - a scroll of fear {unknown}
 w - a scroll of blinking {unknown}
 B - a scroll of identify
Potions
 g - 2 potions of lignification
 k - a potion of magic
 n - a potion of mutation
 o - a potion of flight {unknown}
 x - a potion of haste {unknown}
 z - a potion of degeneration {unknown}


   Skills:
 + Level 5.4 Fighting
 - Level 2.1 Dodging
 - Level 1.5 Stealth
 + Level 5.6 Spellcasting


You couldn't memorise any spells.
You knew the following spells:

 Your Spells              Type           Power      Damage    Failure   Level
a - Freeze                Ice            100%       1d11      1%          1
b - Frozen Ramparts       Ice            52%        1d8       3%          3
c - Ozocubu's Armour      Ice            26%        N/A       3%          3
d - Hailstorm             Conj/Ice       26%        3d7       12%         4
e - Necrotise             Necr           100%       1d9       1%          1
f - Passwall              Tmut/Erth      21%        N/A       1%          2
g - Teleport Other        Tloc           26%        N/A       3%          3
Your spell library was empty.

Dungeon Overview and Level Annotations

Branches:
Dungeon (6/15)             Temple (1/1) D:4

Altars:
Ashenzari
Cheibriados
Dithmenos
Elyvilon
Gozag
Hepliaklqana
Ru
Trog
The Shining One

Shops:
D:1 !   D:3 *   D:4 *

Annotations:
D:5 Grinder, Sigmund


Innate Abilities, Weirdness & Mutations

You are immune to sickness and miasma.
You are immune to poison.
Your flesh is very heat resistant. (rF++)
You are vulnerable to cold. (rC-)
You float through the air rather than walking.
You learn spells naturally, not from books.
Your magical power is your life essence.
You have superior vitality. (+4 MHP)


Message History

Press: ? - help, Shift-Dir - straight line, f - necrophage
Aim: a necrophage (lightly damaged, chance to affect: 49%)
The necrophage looks slightly unstable.
* * * LOW HITPOINT WARNING * * *
An orc comes into view. It is wielding a +0 whip.
The necrophage resists.
The wall freezes the necrophage.
The necrophage misses you.
Okay, then.
You hit the necrophage. You burn the necrophage.
The necrophage is heavily damaged.
The wall freezes the orc but does no damage.
The necrophage resists.
The wall freezes the necrophage.
The necrophage closely misses you.
You hit the necrophage. You burn the necrophage.
The necrophage is severely damaged.
The necrophage disappears!
You hit the orc but do no damage.
The ice beast completely resists.
The wall freezes the ice beast but does no damage.
The ice beast hits you but does no damage.
The wall freezes the orc.
The orc misses you.
The wall freezes the orc!
You kill the orc!
The ice beast completely resists.
The wall freezes the ice beast but does no damage.
The ice beast hits you.
* * * LOW HITPOINT WARNING * * *
The ice beast freezes you!
You feel a terrible chill!
* * * LOW HITPOINT WARNING * * *
Okay, then.
You feel better.
The ice beast completely resists.
The wall freezes the ice beast but does no damage.
The ice beast barely misses you.
Your icy armour and frozen ramparts will break if you move.
Continue?
Okay, then.
Your icy armour and frozen ramparts will break if you move.
Continue?
Your icy armour cracks and falls away as you move.
The frozen ramparts melt away as you move.
You feel better. The ice beast hits you.
* * * LOW HITPOINT WARNING * * *
The ice beast freezes you!
You feel a terrible chill!
You die...

.....>..........##
###### .........###.####
.........# #..#
.........# ##.##
.........# #..#
.......>.# ##.#
.........# #.#######
.........### #.#.....##
########.<.###@.......##
..####...#Y........#
.........oo)........#
....................#
............<.......#
....................#
....................#
....................#
....#######.........#


You could see an ice beast and an orc.

Vanquished Creatures
  A water moccasin (D:5)
  A bullfrog (D:6)
  3 scorpions
  2 hounds
  Crazy Yiuf (D:4)
  2 orc priests (D:5)
  Terence (D:3)
  An orc wizard (D:5)
  6 adders
  A white imp (D:6)
  4 worms
  A dart slug (D:2)
  5 orcs
  5 bats
  8 endoplasms
  4 giant cockroaches
  8 goblins
  9 hobgoblins
  7 jackals
  3 quokkas
  7 ball pythons
  5 frilled lizards
  9 kobolds
  5 rats
99 creatures vanquished.

Vanquished Creatures (others)
  10 plants (D:5)
10 creatures vanquished.

Grand Total: 109 creatures vanquished

Notes
Turn   | Place    | Note
-------+----------+-------------------------------------------
     0 | D:1      | octoduck the Djinni Ice Elementalist began the quest for
                  | the Orb.
     0 | D:1      | octoduck set off with the following spells memorised:
                  | Freeze, Frozen Ramparts, Ozocubu's Armour, Hailstorm.
     0 | D:1      | Reached XP level 1. HP: 15/15 MP: 0/0
   200 | D:1      | Reached XP level 2. HP: 4/21 MP: 0/0
   745 | D:1      | Found Ydghus's Distillery.
  1171 | D:1      | Reached XP level 3. HP: 25/26 MP: 0/0
  1171 | D:1      | Learned a level 1 spell: Necrotise
  1227 | D:1      | Reached skill level 1 in Fighting
  1942 | D:2      | Reached XP level 4. HP: 10/33 MP: 0/0
  3098 | D:2      | Found a faded altar of an unknown god.
  3193 | D:2      | Reached XP level 5. HP: 25/39 MP: 0/0
  3193 | D:2      | Learned a level 2 spell: Passwall
  3554 | D:3      | Found Kuma Geu's Assorted Antiques.
  3765 | D:3      | Noticed Terence
  3783 | D:3      | Killed Terence
  4489 | D:4      | Found Cunun's General Store.
  5045 | D:4      | Identified the +1 ring mail of the Skies Above {rN+ Str+4}
  5177 | D:4      | Reached XP level 6. HP: 31/46 MP: 0/0
  5281 | D:4      | Found a staircase to the Ecumenical Temple.
  5294 | Temple   | Entered the Ecumenical Temple
  5440 | Temple   | Became a worshipper of Ashenzari the Shackled
  5675 | D:4      | Found a runed translucent door.
  5676 | D:4      | Noticed Crazy Yiuf
  5686 | D:4      | Killed Crazy Yiuf
  5827 | D:5      | Entered Level 5 of the Dungeon
  5835 | D:5      | Noticed a water moccasin
  5845 | D:5      | Killed a water moccasin
  5846 | D:5      | Reached skill level 5 in Spellcasting
  5846 | D:5      | Reached XP level 7. HP: 44/52 MP: 0/0
  5846 | D:5      | Learned a level 3 spell: Teleport Other
  6376 | D:5      | Reached skill level 5 in Fighting
  6533 | D:5      | Noticed Grinder
  6536 | D:5      | Paralysed by Grinder for 5 turns
  7649 | D:5      | Noticed Sigmund
  7786 | D:6      | HP: 2/54 [ice beast (10)]
  7789 | D:6      | Slain by an ice beast

Illustrated notes

Levels and vault maps discovered:
D:1:      lemuel_arrival_funnel, layout_loops_cross, serial_shops, shop,
          minmay_distorted
D:2:      minmay_angry_zag, layout_loops_ring, ebering_ecumenical_altar_hall,
          nicolae_wormholes
D:3:      layout_basic, serial_shops, nicolae_shop_hallway_stairs, uniq_terence
D:4:      layout_loops_ring, temple_hall, serial_shops, nicolae_shop_waterfront,
          uniq_crazy_yiuf_cottage
D:5:      layout_basic, serial_bayou_lagoon_b, uniq_grinder, uniq_edmund,
          uniq_sigmund
D:6:      layout_rooms
Temple:   regret_index_temple_generic_petals

Skill      XL: |  1  2  3  4  5  6  7 |
---------------+----------------------+-----
Fighting       | 1 2 3 4 5 |  5.4
Spellcasting   | 4 5 |  5.6
Dodging        | |  2.1
Stealth        | |  1.5

Action                   |  1- 3 |  4- 6 |  7- 9 || total
-------------------------+-------+-------+-------++-------
Melee: Dagger            |     4 |    10 |       ||    14
       Short sword       |       |     8 |    29 ||    37
 Cast: Freeze            |    58 |    81 |     4 ||   143
       Frozen Ramparts   |       |     7 |     8 ||    15
       Ozocubu's Armour  |       |     4 |     9 ||    13
       Necrotise         |       |       |    12 ||    12
       Teleport Other    |       |       |     2 ||     2
Invok: Curse Item        |       |       |     1 ||     1
  Use: Scroll            |     2 |     3 |     2 ||     7
       Potion            |       |       |     2 ||     2
 Stab: Sleeping          |     1 |       |       ||     1
Armor: Robe              |     7 |    10 |    18 ||    35
Dodge: Dodged            |    21 |    48 |    28 ||    97
